 Dungeon Crawl Stone Soup version 0.31.0-11-ge490571c62 (webtiles) character file.

Game seed: 15411502257876738001

811 Ashen the Chopper (level 7, -6/64 HPs)
             Began as a Hill Orc Monk on Feb 4, 2024.
             Was a Believer of Beogh.
             Mangled by an ogre
             ... wielding a +0 giant club
              (23 damage)
             ... on level 5 of the Dungeon.
             The game lasted 00:09:34 (4702 turns).

Ashen the Chopper (Hill Orc Monk)                   Turns: 4702, Time: 00:09:35

Health: -6/64      AC: 11    Str: 16    XL:     7   Next: 93%
Magic:  7/7        EV:  8    Int: 10    God:    Beogh [**....]
Gold:   226        SH:  0    Dex: 13    Spells: 6/6 levels left

rFire   + . .        a - +0 hand axe
rCold   . . .        d - orb {light}
rNeg    . . .        e - +0 chain mail
rPois   .            y - +0 helmet
rElec   .            g - +0 cloak
rCorr   +            (no gloves)
SInv    .            (no boots)
Will    .....        (no amulet) Stlth
                     k - ring of resist corrosion
HPRegen 0.30/turn    u - ring of protection from fire
MPRegen 0.10/turn

%: no passive effects
@: glowing
A: no striking features
a: Renounce Religion, Smiting


You were on level 5 of the Dungeon.
You worshipped Beogh.
Beogh was pleased with you.
You visited 1 branch of the dungeon, and saw 5 of its levels.

You collected 226 gold pieces.

Inventory:

Hand Weapons
 a - a +0 hand axe (weapon)
Armour
 d - an orb of light (worn)
 e - a +0 chain mail (worn)
 g - a +0 cloak (worn)
 p - an orb of wrath
 y - a +0 helmet (worn)
Jewellery
 k - a ring of resist corrosion (left hand)
 l - a ring of wizardry
 u - a ring of protection from fire (right hand)
Wands
 v - a wand of iceblast (14)
Scrolls
 b - 5 scrolls of blinking {unknown}
 h - 4 scrolls of fog {unknown}
 i - 2 scrolls of poison {unknown}
 j - 7 scrolls of identify {unknown}
 m - a scroll of revelation {unknown}
 q - a scroll of enchant weapon {unknown}
 r - a scroll of summoning {unknown}
 x - a scroll of immolation {unknown}
Potions
 c - 2 potions of ambrosia
 f - 2 potions of degeneration {unknown}
 n - 2 potions of lignification {unknown}
 o - 2 potions of brilliance {unknown}
 s - a potion of enlightenment {unknown}
 t - 2 potions of curing {unknown}
 w - a potion of haste {unknown}


   Skills:
 + Level 6.4 Fighting
 + Level 7.0 Axes
 + Level 4.1 Armour
 + Level 4.3 Dodging


You had 6 spell levels left.
You didn't know any spells.
Your spell library contained the following spells:

 Spells                   Type           Power      Damage    Failure   Level
 Slow                     Hex            0%         N/A       99%         1
 Confusing Touch          Hex            0%         N/A       100%        3
 Sigil of Binding         Hex            0%         N/A       100%        3
 Summon Ice Beast         Ice/Summ       0%         N/A       100%        3
 Vampiric Draining        Necr           0%         2d6       100%        3
 Anguish                  Hex/Necr       0%         N/A       100%        4
 Cause Fear               Hex            0%         N/A       100%        4
 Summon Mana Viper        Hex/Summ       0%         N/A       100%        5
 Enfeeble                 Hex            0%         N/A       100%        7
 Monstrous Menagerie      Summ           0%         N/A       100%        7


Dungeon Overview and Level Annotations

Branches:
Dungeon (5/15)             Temple (0/1) D:4

Altars:
Sif Muna
The Shining One


Message History

The hound barely misses you. The hound bites you.
You slash the hound!
You kill the hound!
Beogh accepts your kill.
Your Axes skill increases to level 7!
No target in view!
You see here a +0 helmet.
You start putting on your armour.
You continue putting on your +0 helmet. x4
You finish putting on your +0 helmet.
An ogre comes into view. It is wielding a +0 giant club.
The ogre shouts!
You hear a shout!
The ogre barely misses you.
You hit the ogre.
The ogre is lightly wounded.
You hit the ogre but do no damage.
The ogre is lightly wounded.
The ogre hits you with a +0 giant club!!
You hit the ogre but do no damage.
The ogre is lightly wounded.
The ogre barely misses you.
You hit the ogre.
The ogre is moderately wounded.
You slash the ogre!
The ogre is heavily wounded.
The ogre hits you with a +0 giant club!
You hit the ogre but do no damage.
The ogre is heavily wounded.
The ogre closely misses you.
You slash the ogre!
The ogre is severely wounded.
You hit the ogre but do no damage.
The ogre is severely wounded.
The ogre hits you with a +0 giant club!!
* * * LOW HITPOINT WARNING * * *
You hit the ogre.
The ogre is almost dead.
You hit the ogre.
The ogre is almost dead.
The ogre hits you with a +0 giant club!!
You die...

.##......#
.##......#
.#..######
....########## ###
##...........####
#..
................##..
##.########...#.#.#
.))...............#
.#.########...#.@O#
.#.# ####.#####...#
.#.# #....# ### ##.#
#.#### #.# #.# #.#
#.# #.# #.# #.# #.#
#.# #.#


You could see an ogre.

Vanquished Creatures
  An ice beast (D:4)
  An ogre (D:4)
  2 scorpions (D:5)
  3 jellies (D:5)
  A hound (D:5)
  A sleepcap (D:5)
  Natasha (thrice) (D:2)
  Terence (D:3)
  2 orc wizards (D:5)
  2 iguanas
  3 adders (D:2)
  A white imp (D:5)
  2 ufetubi (D:5)
  2 dart slugs
  2 ribbon worms (D:2)
  16 orcs
  2 ball pythons
  13 endoplasms
  5 giant cockroaches
  6 goblins
  4 hobgoblins
  2 jackals (D:1)
  5 quokkas
  6 bats
  2 hobgoblin zombies (D:5)
  9 kobolds
  A kobold skeleton (D:5)
  2 kobold zombies (D:5)
  An orc zombie (D:5)
  8 rats
109 creatures vanquished.

Notes
Turn   | Place    | Note
-------+----------+-------------------------------------------
     0 | D:1      | Ashen the Hill Orc Monk began the quest for the Orb.
     0 | D:1      | Reached XP level 1. HP: 19/19 MP: 1/1
   164 | D:1      | Reached XP level 2. HP: 27/27 MP: 2/2
   511 | D:1      | Reached XP level 3. HP: 25/33 MP: 3/3
   825 | D:2      | Noticed Natasha
   839 | D:2      | Killed Natasha
   840 | D:2      | Reached XP level 4. HP: 32/41 MP: 4/4
   922 | D:2      | Reached skill level 1 in Armour
  1039 | D:2      | Noticed Natasha
  1063 | D:2      | Killed Natasha
  1064 | D:2      | Reached skill level 5 in Axes
  1215 | D:2      | Found a shimmering blue altar of Sif Muna.
  1348 | D:2      | Reached XP level 5. HP: 40/47 MP: 5/5
  1531 | D:2      | Noticed Natasha
  1541 | D:2      | Killed Natasha
  1592 | D:3      | Noticed Terence
  1605 | D:3      | Killed Terence
  1848 | D:3      | Reached skill level 5 in Fighting
  2610 | D:4      | Found a staircase to the Ecumenical Temple.
  2638 | D:4      | Became a worshipper of Beogh the Brigand
  2638 | D:4      | Reached * piety under Beogh
  2638 | D:4      | Reached ** piety under Beogh
  2803 | D:4      | HP: 2/48 [iguana (7)]
  2807 | D:4      | Reached XP level 6. HP: 7/56 MP: 6/6
  3526 | D:5      | Entered Level 5 of the Dungeon
  3535 | D:5      | Noticed an ice beast
  3539 | D:5      | Reached skill level 6 in Axes
  3568 | D:4      | Killed an ice beast
  3569 | D:4      | Reached XP level 7. HP: 39/62 MP: 7/7
  4502 | D:5      | Found a glowing golden altar of the Shining One.
  4658 | D:5      | Reached skill level 7 in Axes
  4702 | D:5      | Mangled by an ogre

Illustrated notes

Levels and vault maps discovered:
D:1:      dpeg_arrival_tiny_a, layout_loops_cross
D:2:      layout_loops_cross, basic_altar, uniq_natasha
D:3:      layout_loops_ring, roderic_serpentine_path, uniq_terence
D:4:      layout_basic, temple_pool_b, serial_bayou, serial_bayou_ford_a,
          serial_bayou_shore_b, serial_bayou_pond_e, serial_bayou_shore_b,
          mrwooster_statue_mirror, minivault_26, kennysheep_dice
D:5:      layout_loops_ring, nicolae_tso_besieged_by_evil, minmay_crossroads

Skill      XL: |  1  2  3  4  5  6  7 |
---------------+----------------------+-----
Fighting       | 4 5 6 |  6.4
Armour         | 1 2 3 4 |  4.1
Dodging        | 3 4 |  4.3
Axes           | 5 6 7 |  7.0

Action                     |  1- 3 |  4- 6 |  7- 9 || total
---------------------------+-------+-------+-------++-------
  Melee: Hand axe          |    90 |   205 |   155 ||   450
 Invoke: Convert to Beogh  |       |     1 |       ||     1
    Use: Potion            |       |     1 |       ||     1
 Armour: Chain mail        |    90 |   147 |   108 ||   345
         Robe              |     7 |       |       ||     7
  Dodge: Dodged            |    43 |    93 |    53 ||   189
